 Dungeon Crawl Stone Soup version 0.20-a0-466-gc52d0eb (webtiles) character file.

48680 M4edhros the Unseen (level 14, -5/103 HPs)
             Began as an Octopode Artificer on Jan 13, 2017.
             Was an Initiate of Gozag.
             Killed from afar by a tengu reaver (38 damage)
             ... with a bolt of magma
             ... on level 14 of the Dungeon.
             The game lasted 00:32:02 (13872 turns).

M4edhros the Unseen (Octopode Artificer)           Turns: 13872, Time: 00:32:03

Health: -5/103     AC:  1    Str: 12    XL:     14   Next: 47%
Magic:  36/36      EV: 30    Int: 18    God:    Gozag
Gold:   424        SH:  7    Dex: 21    Spells: 10/13 levels left

rFire  . . .     SeeInvis .     e - +10 spear of the Hundredfold Beds {pierce, +Blink rC+ MP+9}
rCold  + . .     Gourm    .     C - +0 buckler
rNeg   . . .     Faith    .     (helmet restricted)
rPois  +         Spirit   .     a - amulet of regeneration
rElec  +         Reflect  .     J - +2 ring of evasion
rCorr  .         Harm     .     Q - ring of magical power
MR     +....                    W - ring of Vaskox {rElec Int+4 Slay+3}
Stlth  ++++++++..               o - ring of poison resistance
                                (no ring)
                                (no ring)
                                (no ring)
                                (no ring)

@: agile, gold aura, very slightly contaminated, studying Fire Magic
A: almost no armour, stealthy swim, amphibious, 8 rings, constrict 8, camouflage
1, robust 1, gelatinous body 1
a: Potion Petition, Call Merchant, Bribe Branch, Renounce Religion, Evoke Blink


You were on level 14 of the Dungeon.
You worshipped Gozag.
Gozag was aware of your devotion.
You were very full.

You visited 2 branches of the dungeon, and saw 15 of its levels.
You also visited: Sewer and Bailey.

You collected 4054 gold pieces.
You spent 1161 gold pieces at shops.
You paid 2469 gold pieces to Gozag.

Inventory:

Hand Weapons
 e - the +10 spear of the Hundredfold Beds (weapon) {pierce, +Blink rC+ MP+9}
   (You found it on level 5 of the Dungeon)

   It inflicts extra damage upon your enemies.
   It protects you from cold.
   It affects your magic capacity (+9).
   It lets you blink.
 X - a +0 hunting sling of velocity
Missiles
 j - 361 stones (quivered)
 l - 4 javelins of returning
 Y - 144 sling bullets
Armour
 C - a +0 buckler (worn)
Jewellery
 a - an amulet of regeneration (around mantle)
 o - a ring of poison resistance (on tentacle)
 I - an uncursed ring of ice
 J - a +2 ring of evasion (left tentacle)
 Q - a ring of magical power (right tentacle)
 T - an uncursed amulet of the gourmand
 W - the ring of Vaskox (on tentacle) {rElec Int+4 Slay+3}
   (You bought it in a shop on level 6 of the Dungeon)

   [ring of slaying]

   It affects your intelligence (+4).
   It affects your accuracy and damage with ranged weapons and melee attacks
   (+3).
   It insulates you from electricity.
Wands
 b - a wand of flame (8/48)
 c - a wand of enslavement (1/24)
 d - a wand of random effects (0/48)
 i - a wand of digging (9/24)
 n - a wand of lightning (1/15)
 u - a wand of polymorph (18/24)
 y - a wand of flame (18/48)
 L - a wand of paralysis (0/24)
 P - a wand of random effects (39/48)
 R - a wand of polymorph (14/24)
 S - a wand of iceblast (0/15)
Scrolls
 g - 2 scrolls of enchant weapon
 m - 7 scrolls of fog
 q - a scroll of enchant armour
 r - 2 scrolls of blinking {unknown}
 t - 3 scrolls of random uselessness {unknown}
 x - 3 scrolls of recharging {unknown}
 G - 4 scrolls of teleportation {unknown}
 K - a scroll of holy word {unknown}
 M - 2 scrolls of immolation {unknown}
 N - 2 scrolls of amnesia {unknown}
 O - 3 scrolls of magic mapping
Potions
 k - 2 potions of haste
 p - a potion of agility
 v - a potion of beneficial mutation {unknown}
 z - 12 potions of curing
 A - 3 potions of brilliance
 B - 5 potions of flight
 Z - a potion of ambrosia
Books
 f - a manual of Fire Magic
 F - a book of Flames

   Spells                             Type                      Level
   a - Flame Tongue                   Conjuration/Fire             1
   b - Throw Flame                    Conjuration/Fire             2
   c - Conjure Flame                  Conjuration/Fire             3
   d - Inner Flame                    Hexes/Fire                   3
   e - Sticky Flame                   Conjuration/Fire             4
   f - Fireball                       Conjuration/Fire             5
Miscellaneous
 w - a lamp of fire (inert)
Comestibles
 h - 4 bread rations
 s - 10 fruits
 H - a meat ration
 U - 9 slices of pizza


   Skills:
 + Level 8.2 Fighting
   Level 1.0 Short Blades
 * Level 12.6 Polearms
 + Level 11.4 Dodging
 + Level 15.5 Stealth
 + Level 6.9 Shields
 * Level 8.5 Fire Magic
 - Level 6.3 Evocations


You had 10 spell levels left.
You knew the following spells:

 Your Spells              Type           Power        Failure   Level  Hunger
a - Inner Flame           Hex/Fire       ###.....     14%         3    ####...


Dungeon Overview and Level Annotations

Branches:
Dungeon (14/15)            Temple (1/1) D:5            Lair (0/6) D:9
    Orc (0/2) D:9          Vaults (0/5) D:14

Altars:
Cheibriados
Elyvilon
Fedhas
Gozag
Hepliaklqana
Kikubaaqudgha
Makhleb
Okawaru
Qazlal
Ru
Sif Muna
Trog
Uskayaw
Vehumet
Xom
Yredelemnul
Zin
Lugonu

Shops:
D:6 =   D:12 *   D:14 *

Annotations:
D:12 Frances


Innate Abilities, Weirdness & Mutations

You cannot wear most types of armour.
You are very stealthy in the water. (Stealth+)
You are amphibious.
You can wear up to eight rings at the same time.
You can use your tentacles to constrict eight enemies at once.
Your skin changes colour to match your surroundings (Stealth+).
Your rubbery body absorbs attacks. (AC +1, EV +1)
You are robust. (+10% HP)


Message History

Evoke which item? (* to show all) (? for menu, Esc to quit)
Aiming: Enslavement
Press: ? - help, Shift-Dir - straight line, f - yak
Aim: a yak (chance to defeat MR: 65%)
The yak is charmed.
This wand has 1 charge left.
Your yak completely misses the tengu reaver.
You block the worker ant's attack. The yak gores your yak.
The tengu reaver hits your yak with a long sword!
The tengu reaver pecks your yak but does no damage.
The tengu reaver claws your yak!
Unknown command.
Unknown command.
The tengu reaver blocks your yak's attack.
The yak barely misses your yak. The tengu reaver casts a spell at you.
The bolt of magma hits your yak.
Your yak dies!
The bolt of magma hits you!
You die...
Your body crumbles into a pile of gold.

#.#..###.###..## #.#
#...##.....##..# #.#
#..##.$$$...##.###.#
#..#...###...#..##.#
#(##.Y## $.##.##.#
#.'$QY# #.##.# #..##*$##
.##.##.#
#...#...###...#..#..#
#.#.##.a@../.##.##.######
#.#..##.....##...........
#.....###.###..###.######
###.....###...## #.#
#...........# #.#
#...........# #.###
#...........# #...##
##..>..###### #.#..###
#####...## #.......


You could see a tengu reaver, a yak, a worker ant and a battlesphere.

Vanquished Creatures
  A storm dragon (D:14)
  A fire giant (D:10)
  An ettin (D:14)
  Erolcha (D:13)
  A fire dragon (D:14)
  A vault guard (D:14)
  Fannar (D:12)
  5 two-headed ogres
  A centaur warrior (D:14)
  3 unseen horrors
  The ghost of Geomchi the Grappler, a novice TrMo of Yredelemnul (D:7)
  A deep elf archer (D:14)
  A phantasmal warrior (D:14)
  2 orc knights (Bailey)
  3 ugly things
  A deep elf mage (D:14)
  A manticore (D:11)
  A cyclops (D:13)
  An elephant (D:9)
  A freezing wraith (D:14)
  A kobold demonologist (D:11)
  7 trolls
  4 slime creatures (D:13)
  A snapping turtle (D:14)
  A hornet (D:14)
  A hippogriff (D:12)
  A centaur simulacrum (D:14)
  6 yaks (D:11)
  3 shadows
  2 wraiths
  A basilisk (D:14)
  6 fire bats (D:10)
  A human (D:10)
  4 hogs (D:10)
  A steam dragon (shapeshifter) (D:14)
  7 vampire mosquitoes
  A hungry ghost (D:7)
  An acid dragon (D:13)
  2 soldier ants (D:10)
  A water moccasin (D:5)
  An ice beast (D:12)
  18 orc warriors
  A black bear (D:11)
  4 phantoms
  6 sky beasts
  5 ogres
  2 crocodiles (D:9)
  6 centaurs
  7 big kobolds
  5 bullfrogs
  2 wyvern skeletons
  5 scorpions
  5 wights
  15 killer bees
  5 crimson imps
  A bullfrog zombie (D:12)
  2 quasits
  7 centaur zombies
  5 hounds
  9 orc priests
  3 jellies
  10 orc wizards
  Crazy Yiuf (D:5)
  A bullfrog skeleton (D:9)
  4 centaur skeletons
  A gnoll shaman (D:4)
  3 iguanas
  5 worker ants
  A hound zombie (D:5)
  A hound skeleton (D:6)
  17 gnolls
  12 adders
  4 river rats
  4 shadow imps
  2 oozes (Sewer)
  An adder skeleton (D:5)
  6 worms
  3 dart slugs
  8 leopard geckos
  63 orcs
  5 giant cockroaches
  23 goblins
  26 hobgoblins
  4 jackals
  A quokka (D:12)
  5 ball pythons (Sewer)
  5 bats
  5 frilled lizards
  18 kobolds
  A quokka skeleton (D:5)
  28 rats
463 creatures vanquished.

Vanquished Creatures (collateral kills)
  An orc warlord (Bailey)
  A basilisk (D:9)
  A gnoll (Bailey)
  3 orcs (D:3)
  A bat (D:3)
7 creatures vanquished.

Vanquished Creatures (others)
  A meliai (shapeshifter) (D:13)
  A yak (D:14)
  A vampire mosquito (D:14)
  A centaur (D:6)
  An orc wizard (D:7)
  A gnoll (D:6)
6 creatures vanquished.

Grand Total: 476 creatures vanquished

Notes
Turn   | Place    | Note
-------+----------+-------------------------------------------
     0 | D:1      | M4edhros the Octopode Artificer began the quest for the Orb.
     0 | D:1      | Reached XP level 1. HP: 13/13 MP: 3/3
    25 | D:1      | Reached skill level 2 in Stealth
   246 | D:1      | Reached skill level 3 in Stealth
   246 | D:1      | Reached XP level 2. HP: 18/18 MP: 4/4
   651 | D:2      | Found a faded altar of an unknown god.
   681 | D:3      | Reached skill level 4 in Stealth
   709 | D:3      | Reached XP level 3. HP: 16/23 MP: 5/5
  1123 | D:4      | Reached skill level 5 in Stealth
  1123 | D:4      | Reached XP level 4. HP: 27/28 MP: 6/6
  1144 | D:4      | Found a stormy altar of Qazlal.
  1144 | D:4      | Found a basalt altar of Yredelemnul.
  1145 | D:4      | Found an iron altar of Okawaru.
  1278 | D:4      | Reached skill level 6 in Stealth
  1283 | D:4      | Reached XP level 5. HP: 33/33 MP: 7/7
  1286 | D:4      | Reached skill level 7 in Stealth
  1306 | D:4      | Noticed an ogre
  1317 | D:4      | Noticed an ogre
  1393 | D:4      | Killed an ogre
  1393 | D:4      | Reached skill level 8 in Stealth
  1393 | D:4      | Reached XP level 6. HP: 15/38 MP: 8/8
  1739 | D:4      | Found a white marble altar of Elyvilon.
  1950 | D:5      | Entered Level 5 of the Dungeon
  2026 | D:5      | Reached skill level 9 in Stealth
  2078 | D:5      | Reached XP level 7. HP: 32/43 MP: 10/10
  2096 | D:5      | Reached skill level 5 in Evocations
  2209 | D:5      | Found a staircase to the Ecumenical Temple.
  2270 | D:5      | Found a snail-covered altar of Cheibriados.
  2307 | Temple   | Entered the Ecumenical Temple
  2350 | Temple   | Became a worshipper of Gozag Ym Sagoz the Greedy
  2603 | D:2      | Found an ancient bone altar of Kikubaaqudgha.
  3486 | D:3      | Reached skill level 10 in Stealth
  3497 | D:3      | You fall through a shaft!
  3721 | D:3      | Found a bloodstained altar of Trog.
  3977 | D:5      | Reached XP level 8. HP: 15/48 MP: 12/12
  3978 | D:5      | Gained mutation: You can translocate small distances at will. [potion of mutation]
  3978 | D:5      | Gained mutation: You are resistant to electric shocks. (rElec) [potion of mutation]
  3978 | D:5      | Gained mutation: You are robust. (+10% HP) [potion of mutation]
  3980 | D:5      | Gained mutation: You are clumsy. (Dex -2) [potion of mutation]
  3980 | D:5      | Lost mutation: You can translocate small distances at will. [potion of mutation]
  3980 | D:5      | Gained mutation: Your magical capacity is low. (-10% MP) [potion of mutation]
  4183 | D:5      | Got a polished spear
  4184 | D:5      | Identified the +10 spear of the Hundredfold Beds {pierce, +Blink rC+ MP+9} (You found it on level 5 of the Dungeon)
  4338 | D:5      | Found a runed door.
  4342 | D:5      | Noticed Crazy Yiuf
  4346 | D:5      | Killed Crazy Yiuf
  4456 | D:6      | Found a radiant altar of Vehumet.
  4462 | D:6      | Reached skill level 1 in Polearms
  4564 | D:6      | Reached skill level 11 in Stealth
  4691 | D:6      | Noticed a two-headed ogre
  4704 | D:6      | Killed a two-headed ogre
  4704 | D:6      | Reached skill level 5 in Polearms
  4704 | D:6      | Reached XP level 9. HP: 58/58 MP: 12/12
  4767 | D:6      | Found a glowing drain.
  4776 | Sewer    | Entered a sewer
  4813 | Sewer    | Reached skill level 12 in Stealth
  6132 | D:6      | Bought a +2 ring of evasion for 150 gold pieces
  6450 | D:7      | Gained mutation: One of your tentacles bears a spike. [potion of mutation]
  6450 | D:7      | Gained mutation: Your flesh is heat resistant. (rF+) [potion of mutation]
  6497 | D:7      | Found a glowing silver altar of Zin.
  6513 | D:7      | Reached XP level 10. HP: 69/69 MP: 13/13
  6886 | D:8      | Noticed a two-headed ogre
  6895 | D:8      | Killed a two-headed ogre
  6895 | D:8      | Reached skill level 1 in Shields
  7166 | D:8      | Found a shimmering altar of Xom.
  7166 | D:8      | Found a shimmering altar of Xom.
  7166 | D:8      | Found a shimmering altar of Xom.
  7167 | D:8      | Found a shimmering altar of Xom.
  7167 | D:8      | Found a shimmering altar of Xom.
  7167 | D:8      | Found a shimmering altar of Xom.
  7168 | D:8      | Found a shimmering altar of Xom.
  7389 | D:9      | Noticed an elephant
  7390 | D:9      | Found a staircase to the Lair.
  7448 | D:9      | Killed an elephant
  7551 | D:9      | Reached skill level 13 in Stealth
  7948 | D:9      | Found a staircase to the Orcish Mines.
  8069 | D:9      | Reached skill level 5 in Fighting
  8069 | D:9      | Reached skill level 5 in Dodging
  8160 | D:10     | Entered Level 10 of the Dungeon
  8164 | D:10     | Noticed a two-headed ogre
  8184 | D:10     | Killed a two-headed ogre
  8184 | D:10     | Reached XP level 11. HP: 36/79 MP: 14/14
  8194 | D:10     | Noticed a two-headed ogre
  8200 | D:10     | Killed a two-headed ogre
  8450 | D:10     | Noticed a fire giant
  8458 | D:10     | Lost mutation: One of your tentacles bears a spike. [potion of cure mutation]
  8458 | D:10     | Lost mutation: Your magical capacity is low. (-10% MP) [potion of cure mutation]
  8458 | D:10     | Lost mutation: You are clumsy. (Dex -2) [potion of cure mutation]
  8458 | D:10     | Lost mutation: Your flesh is heat resistant. (rF+) [potion of cure mutation]
  8458 | D:10     | Lost mutation: You are resistant to electric shocks. (rElec) [potion of cure mutation]
  8468 | D:10     | Killed a fire giant
  8468 | D:10     | Reached skill level 10 in Polearms
  8503 | D:10     | Reached skill level 14 in Stealth
  8533 | D:10     | Learned a level 3 spell: Inner Flame
  9047 | D:7      | Noticed Geomchi's ghost (novice TrMo)
  9055 | D:7      | Killed Geomchi's ghost
  9079 | D:6      | Bought the ring of Vaskox {rElec Int+4 Slay+3} for 1011 gold pieces
  9476 | D:11     | Noticed a manticore
  9515 | D:11     | Killed a manticore
  9515 | D:11     | Reached skill level 5 in Shields
  9515 | D:11     | Reached XP level 12. HP: 60/88 MP: 16/16
 10105 | D:12     | Found a flagged portal.
 10132 | Bailey   | Entered a bailey
 10440 | Bailey   | Noticed an orc warlord
 10462 | Bailey   | Reached skill level 1 in Fire Magic
 10505 | Bailey   | Killed an orc warlord
 10733 | Bailey   | Reached skill level 10 in Dodging
 10733 | Bailey   | Reached XP level 13. HP: 94/94 MP: 17/17
 10832 | D:12     | Noticed Fannar
 10846 | D:12     | Killed Fannar
 10945 | D:12     | Noticed Frances
 11820 | D:13     | Noticed Erolcha
 11830 | D:13     | Killed Erolcha
 11830 | D:13     | Reached skill level 15 in Stealth
 12043 | D:13     | Reached skill level 5 in Fire Magic
 12668 | D:13     | Reached XP level 14. HP: 27/102 MP: 18/18
 12983 | D:14     | Found a radiant altar of Vehumet.
 13061 | D:14     | Noticed Nessos
 13065 | D:14     | Noticed Nessos
 13065 | D:14     | Nessos changed into Nessos the snapping turtle
 13133 | D:14     | Killed Nessos the snapping turtle
 13210 | D:14     | Found a gate to the Vaults.
 13790 | D:14     | Noticed a storm dragon
 13841 | D:14     | Noticed a tengu reaver
 13857 | D:14     | Killed a storm dragon
 13872 | D:14     | Killed from afar by a tengu reaver

Vault maps used:
D:1:      tarquinn_simple_flora_water_d
D:2:      marbit_many_paths, chequers_ecumenical_altar_island
D:3:      trog_book
D:4:      nicolae_overflow_crystal_walls, nicolae_overflow_hidden_temple,
          gammafunk_temple_overflow_forgotten
D:5:      kennysheep_slug_shrine, first_bread, uniq_crazy_yiuf_cottage
D:6:      vehumet_crystals, gup_sewer_entry_bubbles
D:7:      kennysheep_little_box
D:8:      xom_redecorated
D:9:      david_lair_generic, orc_0_dummy, special_room
D:10:     minmay_firetagon, grunt_livestock
D:12:     enter_bailey_3, minivault_25, uniq_frances, uniq_fannar
D:13:     uniq_erolcha
D:14:     david_vaults_5, serial_glass, glass_columns_a, glass_columns_c,
          basic_altar, minmay_misc_feat_room,
          minmay_checkered_concentric_circles, uniq_nessos
Temple:   kb_corrupted_temple
Sewer:    sewer_minmay_treatment
Bailey:   bailey_axe_minmay_hex_keep, bailey

Skill      XL: |  1  2  3  4  5  6  7  8  9 10 11 12 13 14 |
---------------+-------------------------------------------+-----
Stealth        | 3 4 5 6 8 9 10 11 12 13 14 15 | 15.5
Evocations     | 4 6 |  6.3
Polearms       | 5 7 9 10 11 12 | 12.6
Fighting       | 3 5 6 7 8 |  8.2
Dodging        | 3 5 6 10 11 | 11.4
Shields        | 3 5 6 |  6.9
Fire Magic     | 2 6 8 |  8.5
Short Blades   | |  1.0

Action                   |  1- 3 |  4- 6 |  7- 9 | 10-12 | 13-15 || total
-------------------------+-------+-------+-------+-------+-------++-------
Melee: Short sword       |     8 |       |       |       |       ||     8
       Constrict         |    11 |    11 |    52 |    52 |    23 ||   149
       Tentacles         |     8 |    14 |    36 |    68 |    70 ||   196
       Dagger            |    39 |    51 |    99 |       |       ||   189
       Spear             |       |       |   219 |   470 |   401 ||  1090
       Kick              |       |       |     1 |    44 |       ||    45
Invok: Call Merchant     |       |       |     1 |       |     2 ||     3
Evoke: Wand              |     1 |    16 |     6 |    20 |     3 ||    46
       Lamp of fire      |       |       |       |     1 |     2 ||     3
  Use: Scroll            |     4 |     2 |     6 |     8 |     1 ||    21
       Potion            |       |       |     5 |     7 |     9 ||    21
 Stab: Sleeping          |     6 |     6 |    49 |    24 |    25 ||   110
       Paralysed         |       |     1 |       |     9 |       ||    10
       Distracted        |       |       |     2 |     5 |     6 ||    13
       Betrayed ally     |       |       |       |     1 |       ||     1
       Invisible         |       |       |       |       |    12 ||    12
  Eat: Chunk             |       |     4 |     1 |       |       ||     5
       Beef jerky        |       |       |     1 |     3 |       ||     4
       Royal jelly       |       |       |     1 |     1 |       ||     2
       Bread ration      |       |       |     2 |     1 |     2 ||     5
       Pizza             |       |       |       |     1 |       ||     1
       Meat ration       |       |       |       |       |     2 ||     2
Armor: Skin              |     4 |       |     6 |    20 |     3 ||    33
Dodge: Dodged            |    29 |    29 |   128 |   114 |   165 ||   465
Block: Buckler           |       |       |       |    44 |    52 ||    96
